 Dungeon Crawl Stone Soup version 0.30-a0-385-gfebfb9b408 (webtiles) character file.

Game seed: 791846271069169015

36 NinjaNoafa the Ruffian (level 3, 0/30 HPs)
             Began as a Ghoul Gladiator on Dec 2, 2022.
             Slain by a gnoll
             ... wielding a +4 flail
              (6 damage)
             ... on level 3 of the Dungeon.
             The game lasted 00:02:13 (741 turns).

NinjaNoafa the Ruffian (Ghoul Gladiator)             Turns: 741, Time: 00:02:14

Health: 0/30       AC:  4    Str: 17    XL:     3   Next: 37%
Magic:  2/2        EV: 12    Int:  3    God:
Gold:   68         SH:  0    Dex: 12    Spells: 2/2 levels left

rFire   . . .      SeeInvis .      - Unarmed
rCold   + . .      Faith    +    (no shield)
rNeg    + + +      Spirit   .    a - +0 leather armour
rPois   ∞          Reflect  .    b - +0 helmet
rElec   .          Harm     .    (no cloak)
rCorr   .          Rampage  .    (no gloves)
Will    .....                    (no boots)
Stlth   +.........               e - amulet of faith
HPRegen 0.00/turn                (no ring)
MPRegen 0.08/turn                (no ring)

@: inhibited regen
A: claws 1, cold resistance 1, negative energy resistance 3, inhibited
regeneration, torment resistance 2, devour on kill
a: no special abilities


You were on level 3 of the Dungeon.
You visited 1 branch of the dungeon, and saw 3 of its levels.

You collected 68 gold pieces.

Inventory:

Missiles
 c - 3 throwing nets
 d - a javelin (quivered)
 f - 14 stones
Armour
 a - a +0 leather armour (worn)
 b - a +0 helmet (worn)
Jewellery
 e - an amulet of faith (around neck)
Scrolls
 h - 2 scrolls of amnesia {unknown}
 i - a scroll of teleportation {unknown}
 j - a scroll of immolation {unknown}
Potions
 g - 2 potions of attraction {unknown}
 k - a potion of curing {unknown}
 l - 2 potions of mutation {unknown}
 m - a potion of resistance {unknown}
 n - a potion of ambrosia {unknown}


   Skills:
 + Level 2.9 Fighting
 - Level 1.7 Throwing
 + Level 3.2 Dodging
 + Level 3.8 Unarmed Combat


You had 2 spell levels left.
You didn't know any spells.
Your spell library contained the following spells:

 Spells                   Type           Power      Damage    Failure   Level
 Stone Arrow              Conj/Erth      0%         3d7       92%         3
 Animate Armour           Summ/Erth      0%         N/A       100%        4
 Lehudib's Crystal Spear  Conj/Erth      0%         10d2      100%        8


Dungeon Overview and Level Annotations

Branches:
Dungeon (3/15)

Altars:


Innate Abilities, Weirdness & Mutations

You are immune to poison.
You have sharp fingernails.
Your flesh is cold resistant. (rC+)
You are immune to negative energy. (rN+++)
You do not regenerate when monsters are visible.
You are immune to unholy pain and torment.
You thrive by killing the living.


Message History

g - 2 yellow potions (gained 1)
There is a stone staircase leading up here.
You open the door.
There is an open door here.
A giant cockroach comes into view.
Okay, then.
You barely miss the giant cockroach. The giant cockroach closely misses you.
You scratch the giant cockroach but do no damage.
The giant cockroach bites you.
You closely miss the giant cockroach.
The giant cockroach bites you but does no damage.
Okay, then.
You barely miss the giant cockroach. The giant cockroach bites you.
You closely miss the giant cockroach.
The giant cockroach bites you but does no damage.
You barely miss the giant cockroach. The giant cockroach closely misses you.
A giant cockroach is nearby!
You scratch the giant cockroach.
You kill the giant cockroach!
You see here a giant cockroach corpse.
n - a dark potion A gnoll comes into view.
It is wielding a +4 flail.
The gnoll shouts!
A gnoll comes into view. It is wielding a +0 flail.
The gnoll shouts!
A gnoll comes into view. It is wielding a +0 spear.
You see here 2 scrolls labelled QERAMU HARHITT.
A rat comes into view.
The gnoll barely misses you. The gnoll attacks as you move away!
The gnoll hits you with a +4 flail!
You scratch the gnoll but do no damage. The gnoll closely misses you.
The gnoll attacks as you move away! The gnoll misses you.
You open the door. The gnoll barely misses you.
The gnoll attacks as you move away! The gnoll hits you with a +4 flail!
There is an open door here.
The gnoll attacks as you move away! The gnoll closely misses you.
The gnoll attacks as you move away! The gnoll hits you with a +4 flail.
* * * LOW HITPOINT WARNING * * *
The gnoll attacks as you move away! The gnoll hits you with a +4 flail.
You die...

#.# ##.##.####...#####.#
#.# #.....# ##.## ## #.#
#..#### #.# .. #.###..#
#.# #. #.##...## ##'##
#. #.......# ##...## #.
####....# ##.....## #.
##.#.# ##...<...##
#.#####....###.g@......#
..?.......g.g'.........+
..#####....###.........#
## ##.#.# ##.......##
##...# ##.....## ..#.#
##...## ##...# ##+##
#####


You could see 3 gnolls.

Vanquished Creatures
  A dart slug (D:1)
  A bat (D:1)
  7 endoplasms (D:1)
  A giant cockroach (D:3)
  2 goblins (D:1)
  3 hobgoblins
  2 jackals (D:1)
  4 kobolds (D:1)
  2 quokkas (D:1)
  2 ball pythons (D:1)
  3 rats (D:1)
28 creatures vanquished.

Notes
Turn   | Place    | Note
-------+----------+-------------------------------------------
     0 | D:1      | NinjaNoafa the Ghoul Gladiator began the quest for the Orb.
     0 | D:1      | Reached XP level 1. HP: 17/17 MP: 0/0
    69 | D:1      | Reached XP level 2. HP: 19/25 MP: 1/1
   322 | D:1      | Reached XP level 3. HP: 30/30 MP: 2/2
   575 | D:1      | You fall into a shaft and drop 1 floor!
   741 | D:3      | Slain by a gnoll

Illustrated notes

Levels and vault maps discovered:
D:1:      saegor_arrival_simple_e, layout_basic, minmay_tetromino_l4
D:2:      layout_rooms, amcnicky_mini_rare_corridor_liquid, grunt_ministairs_5,
          minmay_fountain_box, minmay_circle_x
D:3:      layout_loops_corners, chequers_ecumenical_altar_simple_redux,
          minmay_misc_feat_encased, kennysheep_generic_room_11

Skill      XL: |  1  2 |
---------------+-------+-----
Dodging        | 3 |  3.2
Fighting       | |  2.9
Throwing       | |  1.7
Unarmed Combat | |  3.8

Action                   || total
-------------------------++-------
Melee: Unarmed           ||    63
       Punch             ||     1
Throw: Javelin           ||     1
Armor: Leather armour    ||    16
Dodge: Dodged            ||    35

Table legend: (Time is in decaauts)
 A = Elapsed time spent in this place.
 B = Non-inter-level travel time spent in this place.
 C = Inter-level travel time spent in this place.
 D = Time resting spent in this place.
 E = Time spent auto-exploring this place.
 F = Levels seen in this place.
 G = Mean time per level.
                   A        B        C        D        E       F      G
               +--------+--------+--------+--------+--------+-----+--------+
         Total |    736 |    732 |      4 |      0 |    533 |   3 |  245.3 |
       Dungeon |    736 |    732 |      4 |      0 |    533 |   3 |  245.3 |
               +--------+--------+--------+--------+--------+-----+--------+

Top non-repeatable levels by time:
     D:1: 571 daAuts
     D:3: 116 daAuts
     D:2: 48 daAuts
